 Seeded DCSS version 0.29-a0-338-g1ff7896 (webtiles) character file.

Game seed: 5893698623858977667 (custom seed)

7058 edsrzf the Cleaver (level 11, -6/95 HPs)
             Began as a Hill Orc Necromancer on Apr 17, 2022.
             Was a Priest of Cheibriados.
             Mangled by an orc warrior
             ... wielding a +0 dire flail
              (20 damage)
             ... on level 11 of the Dungeon.
             The game lasted 00:37:54 (16003 turns).

edsrzf the Cleaver (Hill Orc Necromancer)          Turns: 16003, Time: 00:37:55

Health: -6/95      AC:  6    Str: 28    XL:     11   Next: 9%
Magic:  1/15       EV: 12    Int: 25    God:    Cheibriados [***...]
Gold:   720        SH:  0    Dex: 19    Spells: 3/16 levels left

rFire   + . .      SeeInvis .   a - +2 war axe
rCold   + . .      Faith    +   (no shield)
rNeg    . . .      Spirit   .   n - +0 robe {rC+}
rPois   .          Reflect  .   (helmet restricted)
rElec   .          Harm     .   e - +0 cloak
rCorr   .          Rampage  .   w - +2 pair of gloves
Will    .....                   (no boots)
Stlth   ++........              x - amulet of faith {!P}
HPRegen 0.25/turn               m - +6 ring of strength
MPRegen 0.14/turn               f - ring of protection from fire

@: lethally poisoned (-6 -> -11), about to teleport, slowed, very slow
A: fangs 1, horns 1
a: Renounce Religion, Bend Time, Temporal Distortion


You were on level 11 of the Dungeon.
You worshipped Cheibriados.
Cheibriados was most pleased with you.
You visited 2 branches of the dungeon, and saw 12 of its levels.

You collected 720 gold pieces.

Inventory:

Hand Weapons
 a - a +2 war axe (weapon)
Missiles
 r - 6 poisoned darts
 s - 482 stones
Armour
 e - a +0 cloak (worn)
 n - a +0 robe of cold resistance (worn)
 o - a +1 helmet
 t - an orb of guile
 u - the +0 robe "Cuuxups" {rC- Int+4 Archmagi}
   (You found it on level 6 of the Dungeon)

   Int:       It affects your intelligence (+4).
   rC:        It makes you vulnerable to cold.
   Archmagi:  It increases the power of your magical spells.
 w - a +2 pair of gloves (worn)
Jewellery
 b - a ring of fire
 f - a ring of protection from fire (right hand)
 j - an amulet of guardian spirit
 m - a +6 ring of strength (left hand)
 x - an amulet of faith (around neck) {!P}
 y - a ring of poison resistance
 B - a ring of fire
Wands
 q - a wand of polymorph (2)
 z - a wand of flame (40)
 K - a wand of iceblast (5)
Scrolls
 d - 5 scrolls of immolation
 g - a scroll of amnesia
 h - a scroll of enchant weapon
 i - 3 scrolls of magic mapping {unknown}
 k - 3 scrolls of fog
 l - a scroll of holy word
 p - 2 scrolls of vulnerability
 D - a scroll of enchant armour {unknown}
 E - a scroll of fear
 F - a scroll of silence {unknown}
 G - a scroll of acquirement {unknown}
 J - 2 scrolls of teleportation {@r3}
Potions
 c - a potion of ambrosia
 v - 6 potions of heal wounds
 A - a potion of cancellation
 C - a potion of might
 H - a potion of flight
 I - 2 potions of curing


   Skills:
 + Level 8.5 Fighting
 + Level 14.8 Axes
 - Level 1.5 Dodging
 - Level 1.5 Stealth
 - Level 3.0 Spellcasting
 - Level 6.3 Conjurations
 - Level 5.0 Necromancy
 - Level 5.3 Earth Magic


You had 3 spell levels left.
You knew the following spells:

 Your Spells              Type           Power      Damage    Failure   Level
a - Sandblast             Erth           60%        2d14      1%          1
b - Stone Arrow           Conj/Erth      66%        3d11      2%          3
c - Corpse Rot            Necr/Air       32%        N/A       5%          2
f - Conjure Flame         Conj/Fire      19%        6-21      9%          3
p - Pain                  Necr           100%       1d9       1%          1
v - Vampiric Draining     Necr           28%        2d8       3%          3

Your spell library contained the following spells:

 Spells                   Type           Power      Damage    Failure   Level
 Animate Skeleton         Necr           56%        N/A       1%          1
 Foxfire                  Conj/Fire      76%        2x1d7     2%          1
 Passwall                 Tmut/Erth      14%        N/A       4%          2
 Ensorcelled Hibernation  Hex/Ice        6%         N/A       16%         2
 Poisonous Vapours        Pois/Air       6%         N/A       16%         2
 Scorch                   Fire           6%         2d5       16%         2
 Gell's Gravitas          Tloc           3%         N/A       30%         3
 Inner Flame              Hex/Fire       3%         N/A       30%         3
 Lesser Beckoning         Tloc           3%         N/A       30%         3
 Swiftness                Air            3%         N/A       30%         3
 Teleport Other           Tloc           3%         N/A       30%         3
 Animate Dead             Necr           14%        N/A       13%         4
 Flame Wave               Conj/Fire      19%        2d6       26%         4
 Agony                    Necr           28%        N/A       34%         5
 Olgreb's Toxic Radiance  Pois           3%         N/A       69%         4
 Summon Cactus Giant      Summ           1%         N/A       100%        6
 Ozocubu's Refrigeration  Ice            1%         4d5       100%        7
 Ignition                 Fire           1%         3d3       100%        8


Dungeon Overview and Level Annotations

Branches:
Dungeon (11/15)            Temple (1/1) D:4            Lair (0/6) D:10
    Orc (0/2) D:11

Altars:
Ashenzari
Cheibriados
Dithmenos
Elyvilon
Fedhas
Gozag
Hepliaklqana
Kikubaaqudgha
Makhleb
Nemelex Xobeh
Okawaru
Qazlal
Ru
Sif Muna
Trog
Uskayaw
Vehumet
Wu Jian
Xom
Yredelemnul
Zin
The Shining One
Lugonu

Shops:
D:7 :   D:11 ?

Annotations:
D:11 exclusions: hydra and two-headed ogre


Innate Abilities, Weirdness & Mutations

You have very sharp teeth.
You have a pair of small horns on your head.


Message History

Memorise Conjure Flame, consuming 3 spell levels and leaving 5?
You start memorising the spell.
You continue memorising. x3
You finish memorising.
Spell assigned to 'f'.
Memorise Corpse Rot, consuming 2 spell levels and leaving 3?
You start memorising the spell.
You continue memorising. x2
You finish memorising.
Spell assigned to 'c'.
Found an escape hatch in the floor.
v - 6 potions of heal wounds (gained 1)
Found Plog's Magic Scroll Emporium.
Found a robe.
You see here a +0 robe.
Found a stone staircase leading down.
Found a stone staircase leading up.
Found an escape hatch in the ceiling.
Found a stone staircase leading down.
You open the door. 4 orcs, a troll, 3 kobold brigands, 8 gnolls and 4 ogres come into view.
A kobold brigand is wielding a +0 dagger and quivering curare-tipped darts.
A kobold brigand is wielding a +0 dagger and quivering curare-tipped darts.
A kobold brigand is wielding a +0 club and quivering curare-tipped darts.
A gnoll sergeant is wielding a +0 trident of venom.
The kobold brigand shouts!
The ogre shouts!
The orc warrior shouts!
The orc shouts!
The kobold brigand shouts!
The gnoll sergeant shouts!
The ogre shouts!
The orc shouts!
The ogre shouts! x2
The gnoll sergeant shouts! x2; The orc warrior shouts!
Found a staircase to the Orcish Mines.
Press: ? - help, v - describe, . - travel
Here: a gnoll sergeant, wielding a +0 spear and wearing a +0 scale mail The floor.
Unknown command.
Okay, then.
The gnoll shouts!
You hit the orc.
The orc is heavily wounded.
The gnoll sergeant closely misses you. The orc closely misses you.
You hit the orc but do no damage. You headbutt the orc.
You kill the orc!
Cheibriados appreciates the change of pace.
The gnoll sergeant closely misses you.
Casting: Stone Arrow (mildly dangerous; 3% risk of failure)
Confirm with . or Enter, or press ? or * to list all spells.
Aiming: Stone Arrow (mildly dangerous; 3% risk of failure)
Press: ? - help, Shift-Dir - straight line, f - ogre
Aim: an ogre, wielding a +0 giant club (88% to hit)
The stone arrow hits the ogre!
The ogre is moderately wounded.
The gnoll sergeant barely misses you. The ogre closely misses you.
Casting: Stone Arrow (mildly dangerous; 3% risk of failure)
Confirm with . or Enter, or press ? or * to list all spells.
Aiming: Stone Arrow (mildly dangerous; 3% risk of failure)
Press: ? - help, Shift-Dir - straight line, f/p - ogre
Aim: an ogre, wielding a +0 giant club (moderately wounded, 88% to hit)
The stone arrow hits the ogre!!
You kill the ogre!
Cheibriados appreciates the change of pace.
Cheibriados raises the support of your attributes as your movement slows.
The kobold brigand throws a curare-tipped dart.
The curare-tipped dart hits you.
You are poisoned.
You have difficulty breathing.
You feel yourself slow down.
The gnoll sergeant hits you from afar with a +0 spear.
Unknown command.
Okay, then.
Casting: Stone Arrow (mildly dangerous; 2% risk of failure)
Confirm with . or Enter, or press ? or * to list all spells.
Aiming: Vampiric Draining (mildly dangerous; 3% risk of failure)
Press: ? - help, Shift-Dir - straight line, f - orc warrior
Aim: an orc warrior, wielding a +0 dire flail and wearing a +0 chain mail You draw life force from the orc warrior!
You feel life coursing into your body.
You feel very sick.
The gnoll sergeant hits you from afar with a +0 spear!
The orc warrior hits you with a +0 dire flail!
Casting: Vampiric Draining (mildly dangerous; 3% risk of failure)
Confirm with . or Enter, or press ? or * to list all spells.
Aiming: Vampiric Draining (mildly dangerous; 3% risk of failure)
Press: ? - help, Shift-Dir - straight line, f/p - orc warrior
Aim: an orc warrior, wielding a +0 dire flail and wearing a +0 chain mail (moderately wounded)
You draw life force from the orc warrior!
You feel life coursing into your body.
You feel very sick. The gnoll sergeant closely misses you.
The orc warrior hits you with a +0 dire flail!
The gnoll sergeant hits you but does no damage.
The orc warrior hits you with a +0 dire flail!!
Okay, then.
As you read the scroll of teleportation {@r3}, it crumbles to dust.
You feel strangely unstable.
You feel sick. The gnoll sergeant barely misses you.
The orc warrior closely misses you.
Casting: Vampiric Draining (mildly dangerous; 3% risk of failure)
Confirm with . or Enter, or press ? or * to list all spells.
Aiming: Vampiric Draining (mildly dangerous; 3% risk of failure)
Press: ? - help, Shift-Dir - straight line, f/p - orc warrior
Aim: an orc warrior, wielding a +0 dire flail and wearing a +0 chain mail (heavily wounded)
You draw life force from the orc warrior!
You feel life coursing into your body.
You feel sick.
The gnoll sergeant hits you from afar with a +0 spear!
The orc warrior hits you with a +0 dire flail!
* * * LOW HITPOINT WARNING * * *
The gnoll sergeant hits you from afar with a +0 spear!
* * * LOW HITPOINT WARNING * * *
The orc warrior hits you with a +0 dire flail!!
You die...

#...........###### .
#.....>.#........#####
#.......#.............
#.......#.............
#.......#<.......#....
#######.#.#........#....
#8.gO #.###...#....#....
#.gooK#.#.....#....#####
#.KggKo@#.....#....# #
#.TgOg#.# #....# #


#8ggO #.# #.... # #### #.# # #.. # #.. # #.. <. .... ... ### You could see a
troll, 2 orc warriors, 3 kobold brigands, 3 ogres, 4 gnoll sergeants, 4 gnolls
and an orc.

Vanquished Creatures
  A komodo dragon (D:10)
  4 trolls (D:10)
  3 hornets
  A shadow (D:10)
  5 yaks (D:9)
  2 wraiths
  A steam dragon (D:8)
  4 ice beasts
  3 orc warriors
  2 sky beasts (D:5)
  A black bear (D:7)
  2 ogres
  3 centaurs
  A necrophage (D:6)
  3 bullfrogs
  A scorpion (D:4)
  A gnoll sergeant (D:10)
  8 wights (D:9)
  3 killer bees (D:9)
  A howler monkey (D:8)
  A vampire bat (D:3)
  4 hounds
  A jelly (D:7)
  5 orc priests
  Crazy Yiuf (D:3)
  A gnoll shaman (D:10)
  7 orc wizards
  Ijyb (D:3)
  2 iguanas
  Robin (D:3)
  8 gnolls (D:10)
  10 adders
  A shadow imp (D:7)
  2 white imps (D:5)
  2 ufetubi
  3 worms
  3 dart slugs
  28 orcs
  10 ball pythons
  15 bats
  3 endoplasms
  3 giant cockroaches
  15 goblins
  11 hobgoblins
  7 jackals (D:4)
  2 quokkas (D:1)
  3 frilled lizards
  4 kobolds
  3 rats (D:1)
207 creatures vanquished.

Vanquished Creatures (collateral kills)
  4 yaks (D:9)
  A wraith (D:9)
  A wight (D:9)
6 creatures vanquished.

Vanquished Creatures (others)
  2 plants (D:10)
2 creatures vanquished.

Grand Total: 215 creatures vanquished

Notes
Turn   | Place    | Note
-------+----------+-------------------------------------------
     0 | D:1      | edsrzf the Hill Orc Necromancer began the quest for the
                  | Orb.
     0 | D:1      | Reached XP level 1. HP: 14/14 MP: 3/3
   373 | D:1      | Reached XP level 2. HP: 15/20 MP: 0/4
   587 | D:1      | Reached skill level 2 in Spellcasting
  1176 | D:1      | Reached XP level 3. HP: 25/26 MP: 4/6
  1546 | D:2      | Found a faded altar of an unknown god.
  1548 | D:2      | Noticed a golden eye
  1554 | D:2      | Noticed a floating eye
  2082 | D:2      | Learned a level 3 spell: Vampiric Draining
  2110 | D:2      | Reached XP level 4. HP: 24/33 MP: 1/7
  2290 | D:2      | Noticed a great orb of eyes
  2290 | D:2      | Noticed a shining eye
  2968 | D:3      | Found a bloodstained altar of Trog.
  2986 | D:3      | Reached skill level 5 in Necromancy
  3101 | D:3      | Noticed Robin
  3112 | D:3      | Killed Robin
  3113 | D:3      | Reached skill level 1 in Axes
  3577 | D:3      | Reached XP level 5. HP: 36/38 MP: 6/9
  3653 | D:3      | Reached skill level 3 in Spellcasting
  3766 | D:3      | Found an opulent altar of Gozag.
  3788 | D:3      | Noticed Ijyb
  3795 | D:3      | Killed Ijyb
  3796 | D:3      | Reached skill level 2 in Axes
  3839 | D:3      | Found a runed translucent door.
  3840 | D:3      | Noticed Crazy Yiuf
  3872 | D:3      | Reached skill level 3 in Axes
  3926 | D:3      | Reached skill level 4 in Axes
  4084 | D:3      | Learned a level 1 spell: Sandblast
  4288 | D:3      | Reached XP level 6. HP: 37/45 MP: 3/10
  5097 | D:4      | Reached skill level 1 in Earth Magic
  5163 | D:4      | Reached skill level 5 in Axes
  5163 | D:4      | Reached skill level 2 in Earth Magic
  5169 | D:4      | Identified a potion of degeneration
  5170 | D:4      | Identified a potion of mutation
  5170 | D:4      | Gained mutation: You have a pair of small horns on your
                  | head. [potion of mutation]
  5170 | D:4      | Gained mutation: You have very sharp teeth. [potion of
                  | mutation]
  5171 | D:4      | Identified a potion of haste
  5863 | D:4      | Reached XP level 7. HP: 15/50 MP: 0/11
  6186 | D:4      | Reached skill level 3 in Earth Magic
  6354 | D:4      | Found a staircase to the Ecumenical Temple.
  6363 | D:4      | Reached skill level 6 in Axes
  6365 | Temple   | Entered the Ecumenical Temple
  6542 | D:5      | Entered Level 5 of the Dungeon
  6597 | D:5      | Identified a potion of resistance
  6598 | D:5      | Identified a potion of attraction
  6601 | D:5      | HP: 2/50 [orc/+0 flail (3)]
  7089 | D:5      | Reached skill level 4 in Earth Magic
  7251 | D:5      | Found a white marble altar of Elyvilon.
  7254 | D:5      | Found a glowing silver altar of Zin.
  7257 | D:5      | Found a shimmering blue altar of Sif Muna.
  7258 | D:5      | Found a radiant altar of Vehumet.
  7258 | D:5      | Found a sacrificial altar of Ru.
  7259 | D:5      | Found a basalt altar of Yredelemnul.
  7260 | D:5      | Found a shimmering altar of Xom.
  7263 | D:5      | Found a broken altar of Ashenzari.
  7291 | D:5      | Reached skill level 7 in Axes
  7387 | D:5      | Found a snail-covered altar of Cheibriados.
  7400 | D:5      | Reached XP level 8. HP: 35/57 MP: 6/12
  7923 | D:5      | Identified the +1 spear of Tension {spect, Fragile Str+3
                  | Int+3 Dex+3}
  8014 | D:5      | Became a worshipper of Cheibriados the Contemplative
  8075 | D:5      | Found an ornate altar of the Wu Jian Council.
  8186 | D:6      | Reached skill level 5 in Earth Magic
  8425 | D:6      | Reached skill level 8 in Axes
  8788 | D:6      | Identified the +0 robe "Cuuxups" {rC- Int+4 Archmagi}
  9150 | D:6      | Learned a level 3 spell: Stone Arrow
  9249 | D:7      | Reached skill level 1 in Conjurations
  9464 | D:7      | Reached skill level 9 in Axes
  9464 | D:7      | Reached skill level 2 in Conjurations
  9552 | D:7      | Found Niovogum's Self-Improvement Boutique.
  9686 | D:7      | Reached skill level 3 in Conjurations
  9942 | D:7      | Identified 11 scrolls of identify
  9942 | D:7      | Identified a potion of cancellation
  9943 | D:7      | Identified a scroll of amnesia
  9944 | D:7      | Identified a scroll of vulnerability
  9945 | D:7      | Identified a scroll of holy word
  9946 | D:7      | Identified a scroll of summoning
  9947 | D:7      | Identified a scroll of enchant weapon
  9948 | D:7      | Identified 4 scrolls of fear
  9964 | D:8      | Noticed a hornet
 10055 | D:8      | a hornet changed into a steam dragon
 10062 | D:8      | Reached XP level 9. HP: 47/62 MP: 3/13
 10062 | D:8      | Noticed a hornet
 10160 | D:8      | Reached skill level 10 in Axes
 10160 | D:8      | Reached skill level 4 in Conjurations
 10167 | D:7      | Reached * piety under Cheibriados
 10215 | D:8      | Paralysed by a hornet for 1 turns
 10216 | D:8      | Noticed a hornet
 10784 | D:9      | Reached skill level 5 in Conjurations
 10786 | D:9      | Reached skill level 11 in Axes
 10802 | D:9      | Identified 3 scrolls of teleportation
 10803 | D:9      | Reached skill level 6 in Conjurations
 10897 | D:8      | Found a sparkling altar of Nemelex Xobeh.
 11141 | D:9      | Identified 2 scrolls of immolation
 11142 | D:9      | Identified 2 scrolls of fog
 11143 | D:9      | Identified 2 scrolls of noise
 11144 | D:9      | Identified 2 scrolls of blinking
 11200 | D:9      | Reached skill level 1 in Fighting
 11200 | D:9      | Reached skill level 12 in Axes
 11202 | D:9      | HP: 2/64 [yak (17)]
 11218 | D:9      | HP: 3/64 [poisoned by a killer bee]
 11221 | D:9      | HP: 1/64 [poisoned by a killer bee]
 11496 | D:3      | Killed Crazy Yiuf
 11663 | D:6      | Reached ** piety under Cheibriados
 11664 | D:6      | Reached skill level 2 in Fighting
 11714 | D:6      | Identified a potion of ambrosia
 11715 | D:6      | Identified 2 potions of heal wounds
 11740 | D:6      | Reached XP level 10. HP: 73/74 MP: 6/14
 11892 | D:8      | Identified a potion of might
 11945 | D:8      | Found a blossoming altar of Fedhas.
 11965 | D:8      | Reached skill level 3 in Fighting
 12396 | D:9      | Reached skill level 4 in Fighting
 12803 | D:9      | Reached skill level 13 in Axes
 13085 | D:9      | Reached skill level 5 in Fighting
 13088 | D:9      | Found a hide-covered altar of Uskayaw.
 13458 | D:10     | Entered Level 10 of the Dungeon
 13491 | D:10     | Identified a potion of flight
 13502 | D:10     | Reached skill level 6 in Fighting
 13641 | D:10     | Found a hazy altar of Hepliaklqana.
 13649 | D:10     | Identified a potion of curing
 14225 | D:10     | Reached *** piety under Cheibriados
 14226 | D:10     | Reached skill level 7 in Fighting
 14226 | D:10     | Reached skill level 14 in Axes
 15110 | D:10     | Reached skill level 8 in Fighting
 15110 | D:10     | Reached XP level 11. HP: 94/94 MP: 8/15
 15182 | D:10     | Found a staircase to the Lair.
 15423 | D:11     | Noticed a two-headed ogre
 15572 | D:11     | Noticed a four-headed hydra
 15887 | D:11     | Learned a level 3 spell: Conjure Flame
 15890 | D:11     | Learned a level 2 spell: Corpse Rot
 15926 | D:11     | Found Plog's Magic Scroll Emporium.
 15995 | D:11     | Found a staircase to the Orcish Mines.
 16003 | D:11     | Mangled by an orc warrior

Illustrated notes

Levels and vault maps discovered:
D:1:      lightli_iron_boxes, layout_rooms, kennysheep_another_room,
          grunt_decor_junction
D:2:      layout_loops_ring, hellmonk_ecumenical_altar_watching_god,
          minmay_pentomino_pile
D:3:      layout_basic, trog_three_pillars_becter, grunt_gozag_statues,
          roderic_batcave, uniq_robin, uniq_crazy_yiuf_cottage, uniq_ijyb
D:4:      layout_rooms, minmay_temple_entry_drinking_statues
D:5:      layout_basic, nicolae_overflow_hidden_temple, minitemple,
          cheibrodos_worm_habitat
D:6:      layout_rooms
D:7:      layout_cave_pools, nicolae_shop_self_help
D:8:      layout_rooms, nemelex_spade_bored_becter, fedhas_altar_4
D:9:      layout_rooms, nicolae_uskayaw_murder_on_the_dancefloor
D:10:     layout_small_grid, lemuel_round_altar, david_lair_shrubbed,
          serial_co_window_serial, co_window_paths_a, co_window_corner_a,
          co_window_paths_a, co_window_corner_a, co_window_paths_b,
          co_window_paths_b, co_window_corner_a, co_window_broadway_a,
          co_window_of_opportunity_c, co_window_corner_b,
          co_window_of_opportunity_b, co_window_paths_c,
          co_window_of_opportunity_b, co_window_4corner_b, co_window_paths_e,
          glass_columns_c, glass_columns_c, glass_columns_b, glass_columns_b,
          glass_columns_a
D:11:     layout_grid_maze, kennysheep_orc_monster_closet_entryway,
          serial_shops, shop, minmay_misc_feat_rugged
Temple:   corrupted_temple

Skill      XL: |  1  2  3  4  5  6  7  8  9 10 |
---------------+-------------------------------+-----
Spellcasting   | 2 3 |  3.0
Necromancy     | 5 |  5.0
Axes           | 1 4 5 7 9 12 14 | 14.8
Earth Magic    | 2 4 5 |  5.3
Conjurations   | 3 6 |  6.3
Fighting       | 2 8 |  8.5
Dodging        | |  1.5
Stealth        | |  1.5

Action                   |  1- 3 |  4- 6 |  7- 9 | 10-12 || total
-------------------------+-------+-------+-------+-------++-------
Melee: Hand axe          |     8 |    87 |    51 |       ||   146
       Unarmed           |       |     1 |       |       ||     1
       Headbutt          |       |     5 |    25 |    14 ||    44
       Bite              |       |     2 |     8 |     7 ||    17
       War axe           |       |       |    72 |    78 ||   150
       Punch             |       |       |     2 |     1 ||     3
 Cast: Pain              |    70 |   102 |    78 |    10 ||   260
       Vampiric Draining |       |     9 |    28 |    11 ||    48
       Sandblast         |       |    11 |    21 |    27 ||    59
       Stone Arrow       |       |       |     2 |    42 ||    44
Evoke: Wand              |       |       |    14 |       ||    14
  Use: Potion            |       |     4 |     2 |       ||     6
       Scroll            |       |       |    22 |     4 ||    26
Armor: Robe              |     7 |    37 |    22 |    18 ||    84
Dodge: Dodged            |    19 |    78 |    86 |    52 ||   235

Table legend: (Time is in decaauts)
 A = Elapsed time spent in this place.
 B = Non-inter-level travel time spent in this place.
 C = Inter-level travel time spent in this place.
 D = Time resting spent in this place.
 E = Time spent auto-exploring this place.
 F = Levels seen in this place.
 G = Mean time per level.
                   A        B        C        D        E       F      G
               +--------+--------+--------+--------+--------+-----+--------+
         Total |  17790 |  16436 |   1354 |   6899 |   7037 |  12 | 1482.5 |
       Dungeon |  17708 |  16367 |   1341 |   6899 |   6974 |  11 | 1609.8 |
        Temple |     81 |     68 |     13 |      0 |     63 |   1 |   81.0 |
               +--------+--------+--------+--------+--------+-----+--------+

Top non-repeatable levels by time:
     D:3: 2697 daAuts
    D:10: 2603 daAuts
     D:9: 1750 daAuts
     D:7: 1713 daAuts
     D:5: 1705 daAuts
     D:2: 1540 daAuts
     D:6: 1532 daAuts
     D:1: 1519 daAuts
     D:4: 1051 daAuts
     D:8: 834 daAuts
    D:11: 759 daAuts
  Temple: 81 daAuts
